 Dungeon Crawl Stone Soup version 0.21-a0-442-g848f44b (webtiles) character file.

359 theanonym the Magician (level 6, -6/32 HPs)
             Began as a Deep Elf Fire Elementalist on Nov 16, 2017.
             Mangled by a mummy (20 damage)
             ... in an ossuary.
             The game lasted 00:08:18 (4259 turns).

theanonym the Magician (Deep Elf Fire Elementalist) Turns: 4259, Time: 00:08:19

Health: -6/32      AC:  3    Str:  5    XL:     6   Next: 37%
Magic:  4/16       EV: 13    Int: 22    God:
Gold:   195        SH:  0    Dex: 15    Spells: 3/16 levels left

rFire    . . .     SeeInvis .   i - +0 dagger
rCold    . . .     Gourm    .   (no shield)
rNeg     . . .     Faith    .   a - +0 robe
rPois    +         Spirit   .   h - +0 helmet
rElec    .         Reflect  .   (no cloak)
rCorr    .         Harm     .   (no gloves)
MR       .....                  (no boots)
Stlth    ++........             (no amulet)
HPRegen  0.10/turn              e - ring of poison resistance {rPois}
MPRegen  0.15/turn              (no ring)

@: very slightly contaminated
A: no striking features
a: no special abilities


   Skills:
 - Level 2.4 Dodging
 - Level 2.4 Stealth
 + Level 5.7 Spellcasting
 * Level 4.1 Conjurations
 * Level 5.3 Fire Magic


You had 3 spell levels left.
You knew the following spells:

 Your Spells              Type           Power        Failure   Level  Hunger
a - Flame Tongue          Conj/Fire      ####.        1%          1    None
b - Conjure Flame         Conj/Fire      ####....     4%          3    ##.....
c - Sticky Flame          Conj/Fire      ####....     13%         4    ####...
f - Fireball              Conj/Fire      ####......   36%         5    #####..

Skill      XL: |  1  2  3  4  5  6 |
---------------+-------------------+-----
Conjurations   | 2 3 4 |  4.1
Spellcasting   | 4 5 |  5.7
Fire Magic     | 4 5 |  5.3
Dodging        | |  2.4
Stealth        | |  2.4

Action                   |  1- 3 |  4- 6 || total
-------------------------+-------+-------++-------
Melee: Unarmed           |     3 |       ||     3
       Club              |    19 |       ||    19
       Short sword       |     8 |     2 ||    10
       Dagger            |       |     2 ||     2
 Cast: Flame Tongue      |    92 |   120 ||   212
       Conjure Flame     |       |     3 ||     3
       Sticky Flame      |       |     8 ||     8
  Use: Potion            |     1 |       ||     1
       Scroll            |       |     3 ||     3
  Eat: Chunk             |     3 |     4 ||     7
       Bread ration      |       |     1 ||     1
Armor: Robe              |    20 |     7 ||    27
Dodge: Dodged            |    87 |    40 ||   127

Inventory:

Hand Weapons
 i - a +0 dagger (weapon)
   (You took it off a hobgoblin on level 2 of the Dungeon)
Armour
 a - a +0 robe (worn)
 h - a +0 helmet (worn)
   (You took it off Robin on level 2 of the Dungeon)
 j - a +1 buckler
   (You found it on level 1 of the Dungeon)
Jewellery
 e - a ring of poison resistance (left hand) {rPois}
   (You took it off a hobgoblin on level 2 of the Dungeon)
Scrolls
 n - 2 scrolls of remove curse
 r - 2 scrolls of identify
Potions
 d - a potion of degeneration {unknown}
 f - a potion of lignification {unknown}
 g - 2 potions of magic {unknown}
 k - a potion of mutation {unknown}
 p - 3 potions of flight {unknown}
 q - a potion of curing {unknown}
Books
 b - a book of Flames

   Spells                             Type                      Level
   a - Flame Tongue                   Conjuration/Fire             1
   b - Throw Flame                    Conjuration/Fire             2
   c - Conjure Flame                  Conjuration/Fire             3
   d - Inner Flame                    Hexes/Fire                   3
   e - Sticky Flame                   Conjuration/Fire             4
   f - Fireball                       Conjuration/Fire             5
Comestibles
 c - 2 bread rations
 m - 3 chunks of flesh
 o - a meat ration

Dungeon Overview and Level Annotations

Branches:
Dungeon (4/15)
 Temple: D:4-7

Altars:
Elyvilon
Wu Jian

Annotations:
D:4 Autsider's ghost, amateur HOFi You were in an ossuary. You were not hungry. You visited 1 branch of the dungeon, and saw 4 of its levels. You also visited: Ossuary. You collected 195 gold pieces.


Message History

MP restored: 16 A hound is nearby!
A hound is nearby!
A hound is nearby!
You hear the slow hiss of a distant avalanche of sand.
The hound barks!
Aim: a hound The flame tongue hits the hound.
You now have 15/16 mp.
Aim: a hound (severely wounded)
The flame tongue misses the hound.
The hound bites you.
You take 4 damage, and have 28/32 hp.
You now have 14/16 mp.
Aim: a hound (severely wounded)
The sticky flame hits the hound.
You kill the hound!
You now have 10/16 mp.
You start resting.
Some of the chunks of flesh in your inventory have rotted away.
Health restored: 32 You regained 5 mp, and now have 15/16 mp.
You start resting.
MP restored: 16
Found a stone staircase leading down.
You hear the slow hiss of an avalanche of sand nearby.
You now have 195 gold pieces (gained 17).
Found a hunting sling.
Found a sand-covered staircase.
p - 3 bubbling black potions (gained 1) Eating one of 4 chunks of flesh.
You eat one of the 4 chunks of flesh.
There is a sand-covered staircase here.
An orc comes into view. It is wielding a short sword.
An orc is nearby!
There is a sand-covered staircase here.
The world spins around you as you enter the gateway.
You enter an ossuary! 12 zombies come into view.
Found a gate leading back out of this place.
There is an empty arch of ancient stone here.
As you read the scroll labeled IMANOWKUPSA, it crumbles to dust.
It is a scroll of amnesia.
Forget which spell ([?*] list [ESC] exit)?
Forget which spell ([?*] list [ESC] exit)?
You don't know that spell.
Forget which spell ([?*] list [ESC] exit)?
Okay, then.
Okay, then.
The jackal zombie barely misses you.
The rat zombie bites you but does no damage.
A mummy comes into view.
The jackal zombie bites you.
You take 2 damage, and have 30/32 hp.
Found 28 gold pieces.
Found a gate leading back out of this place.
The jackal zombie barely misses you.
Okay, then.
Unknown command.
A mummy comes into view.
The jackal zombie barely misses you.
The jackal zombie bites you but does no damage.
Found 2 scrolls of identify.
Found 2 scrolls labeled TEIPTE LEUKKI and a scroll labeled LIYTINEUNO.
The mummy hits you!
Ouch! That really hurt!
* * * LOW HITPOINT WARNING * * *
You take 16 damage, and have 15/32 hp.
MASSIVE DAMAGE!!
You found an arrow trap!
The mummy hits you.
* * * LOW HITPOINT WARNING * * *
The jackal zombie closely misses you.
You take 2 damage, and have 13/32 hp.
You open the door. The jackal zombie barely misses you.
A poisoned needle hits the jackal zombie!
There is an open door here.
You see here a scroll of identify.
A poisoned needle hits the hound zombie, but does no damage!
The jackal zombie barely misses you.
You see here a scroll labeled LIYTINEUNO.
Aim: a jackal zombie The sticky flame hits the jackal zombie.
You destroy the jackal zombie!
A poisoned needle hits the rat zombie, but does no damage!
The jackal zombie barely misses you.
You now have 12/16 mp.
Aim: a jackal zombie The sticky flame hits the jackal zombie.
The jackal zombie is covered in liquid flames!
The jackal zombie burns!
You destroy the jackal zombie!
A poisoned needle hits the hound zombie, but does no damage!
You now have 8/16 mp.
The mummy barely misses you.
You see here a scroll of identify.
Aim: a mummy You miscast Sticky Flame.
You are very lightly contaminated with residual magic.
The air around you burns with energy!
* * * LOW MAGIC WARNING * * *
A poisoned needle hits the hound zombie!
An arrow hits the hound zombie!
The mummy hits you!!
Ouch! That really hurt!
You die...

###################
...∩..........Z#??#
..Z....Z...Z..Z#@?#
.#####......Z.^M###
...............Z^.#
Z.................#
...........##.....#
...........##.....#
..................#
..................#
...............#..#


You could see a mummy, 2 rat zombies, a hound zombie, a goblin zombie and an orc
zombie.

Notes
Turn   | Place    | Note
-------+----------+-------------------------------------------
     0 | D:1      | theanonym the Deep Elf Fire Elementalist began the quest for the Orb.
     0 | D:1      | Reached XP level 1. HP: 10/10 MP: 6/6
   206 | D:1      | HP: 4/10 [jackal (2)]
   207 | D:1      | HP: 1/10 [jackal (2)]
   210 | D:1      | Reached XP level 2. HP: 2/15 MP: 0/8
   548 | D:1      | HP: 7/15 [giant cockroach (1)]
   550 | D:1      | HP: 3/15 [giant cockroach (1)]
   842 | D:1      | Reached skill level 2 in Conjurations
   977 | D:1      | Reached XP level 3. HP: 16/19 MP: 2/10
  1124 | D:1      | HP: 9/19 [kobold/short sword (7)]
  1446 | D:1      | Learned a level 3 spell: Conjure Flame
  1566 | D:2      | Reached skill level 4 in Spellcasting
  1571 | D:2      | Reached skill level 4 in Fire Magic
  1800 | D:2      | Reached XP level 4. HP: 21/24 MP: 0/12
  1891 | D:2      | Noticed Jessica
  1898 | D:2      | Killed Jessica
  1908 | D:2      | HP: 12/24 [bat (1)]
  1933 | D:2      | Reached skill level 3 in Conjurations
  2071 | D:2      | Noticed Robin
  2087 | D:2      | Killed Robin
  2087 | D:2      | Reached XP level 5. HP: 27/28 MP: 1/14
  2254 | D:2      | Found an ornate altar of the Wu Jian Council.
  2257 | D:2      | Found a white marble altar of Elyvilon.
  2657 | D:3      | HP: 14/28 [orc wizard/magic dart (8)]
  2664 | D:2      | HP: 6/28 [orc wizard/magic dart (7)]
  2668 | D:2      | Reached skill level 5 in Spellcasting
  2949 | D:2      | Learned a level 4 spell: Sticky Flame
  2955 | D:2      | Learned a level 5 spell: Fireball
  2959 | D:2      | HP: 11/28 [orc/short sword (8)]
  3492 | D:3      | Reached skill level 5 in Fire Magic
  3541 | D:3      | Reached XP level 6. HP: 32/32 MP: 9/16
  3727 | D:3      | Reached skill level 4 in Conjurations
  4085 | D:4      | Noticed Autsider's ghost (amateur HOFi)
  4211 | D:4      | Found a sand-covered staircase.
  4227 | Ossuary  | Entered an ossuary
  4248 | Ossuary  | HP: 15/32 [mummy (16)]
  4259 | Ossuary  | Mangled by a mummy

Vanquished Creatures
  A hound (D:4)
  2 orc wizards
  An orc priest (D:3)
  Jessica (D:2)
  A worker ant (D:2)
  Robin (D:2)
  5 adders
  An ooze (D:2)
  A worm (D:3)
  A leopard gecko (D:1)
  14 orcs
  10 bats
  3 giant cockroaches
  15 goblins
  16 hobgoblins
  16 jackals
  2 quokkas (D:2)
  A ball python (D:2)
  6 frilled lizards
  2 jackal zombies (Ossuary)
  8 kobolds
  6 rats
114 creatures vanquished.
